 Dungeon Crawl Stone Soup version 0.30-a0-782-ge64f9170bb (webtiles) character file.

Game seed: 13175551923558366360

93 theswoord the Twirler (level 4, -5/33 HPs)
             Began as a Demonspawn Gladiator on Feb 19, 2023.
             Killed by divine providence
             ... invoked by an orc priest
              (13 damage)
             ... on level 3 of the Dungeon.
             The game lasted 00:01:44 (1890 turns).

theswoord the Twirler (Demonspawn Gladiator)        Turns: 1890, Time: 00:01:45

Health: -5/33      AC:  8    Str: 17    XL:     4   Next: 36%
Magic:  4/4        EV: 10    Int:  9    God:
Gold:   93         SH:  0    Dex: 14    Spells: 3/3 levels left

rFire   . . .      SeeInvis .    a - +0 quarterstaff (flame)
rCold   . . .      Faith    .    (shield currently unavailable)
rNeg    . . .      Spirit   .    m - +0 scale mail
rPois   .          Reflect  .    c - +0 helmet
rElec   .          Harm     .    (no cloak)
rCorr   .          Rampage  .    k - +0 pair of gloves
Will    .....                    (no boots) Stlth
                                 (no amulet)
HPRegen 0.25/turn                (no ring)
MPRegen 0.09/turn                (no ring)

@: no status effects
A: powered by death 1
a: no special abilities


You were on level 3 of the Dungeon.
You visited 1 branch of the dungeon, and saw 3 of its levels.

You collected 93 gold pieces.

Inventory:

Hand Weapons
 a - a +0 quarterstaff of flaming (weapon)
Missiles
 d - 4 throwing nets (quivered)
 e - a javelin
Armour
 b - a +0 leather armour
 c - a +0 helmet (worn)
 k - a +0 pair of gloves (worn)
 m - a +0 scale mail (worn)
Jewellery
 i - a ring of resist corrosion
 r - a ring of positive energy
Scrolls
 f - a scroll of vulnerability
 g - 3 scrolls of identify
Potions
 h - a potion of brilliance {unknown}
 n - a potion of haste {unknown}
 o - a potion of lignification {unknown}
 p - a potion of attraction {unknown}
 s - a potion of heal wounds {unknown}


   Skills:
 - Level 2.0 Fighting
 + Level 4.7 Staves
 - Level 1.7 Throwing
 - Level 2.6 Dodging


You had 3 spell levels left.
You didn't know any spells.
Your spell library was empty.

Dungeon Overview and Level Annotations

Branches:
Dungeon (3/15)

Altars:


Innate Abilities, Weirdness & Mutations

You regenerate a little health from kills.


Message History

You destroy the giant cockroach zombie!
No target in view!
No target in view!
Found a stone staircase leading down.
An orc and an orc priest come into view.
The orc shouts!
An orc comes into view. It is wielding a +0 hand axe.
The orc moves out of view.
The orc priest moves out of view.
You see here 11 gold pieces.
An orc is nearby!
An orc is nearby!
An orc is nearby!
The orc shouts!
An orc comes into view. It is wielding a +0 short sword.
The orc shouts!
The orc closely misses you.
You hit the orc. You burn the orc. The orc hits you with a +0 hand axe.
The orc barely misses you.
You barely miss the orc. The orc hits you with a +0 hand axe.
The orc misses you.
You hit the orc. You burn the orc.
You kill the orc!
The orc hits you with a +0 mace.
You hit the orc. You burn the orc. The orc closely misses you.
The orc priest calls down the wrath of Beogh upon you.
Beogh smites you! The orc hits you but does no damage.
A quokka zombie comes into view.
You hit the orc. You burn the orc.
You kill the orc!
The orc hits you with a +0 mace.
You closely miss the orc priest.
The orc priest invokes the aid of Beogh against you.
Pain shoots through your body!
* * * LOW HITPOINT WARNING * * *
The orc hits you with a +0 mace.
* * * LOW HITPOINT WARNING * * *
You sock the orc priest! You burn the orc priest.
The orc priest mumbles some strange prayers to Beogh against you.
Beogh smites you!
You die...

.#..........#...
.........#...#.# #
♣♣.♣...........#
#..
♣.♣.........##...#
♣.♣.♣♣<....##......
♣ ♣♣ ♣♣....$.......
♣............
♣...#........
♣##@##.>..... ♣.oo#
....... ♣...##
....... .....
....... ♣....#
....... ..Z... ....
.....# ....#


You could see an orc priest, an orc and a quokka zombie.

Vanquished Creatures
  Terence (D:2)
  2 adders
  2 worms (D:2)
  2 dart slugs (D:2)
  2 orcs (D:3)
  5 bats
  4 giant cockroaches
  2 hobgoblins (D:1)
  2 jackals (D:1)
  2 kobolds (D:1)
  4 ball pythons (D:1)
  6 frilled lizards
  A giant cockroach zombie (D:3)
  2 goblins (D:2)
  A rat (D:2)
38 creatures vanquished.

Notes
Turn   | Place    | Note
-------+----------+-------------------------------------------
     0 | D:1      | theswoord the Demonspawn Gladiator began the quest for the
                  | Orb.
     0 | D:1      | Reached XP level 1. HP: 16/16 MP: 1/1
   150 | D:1      | Reached skill level 3 in Staves
   246 | D:1      | Gained mutation: You regenerate a little health from kills.
                  | [demonic ancestry]
   246 | D:1      | Reached XP level 2. HP: 22/22 MP: 2/2
  1157 | D:2      | Reached XP level 3. HP: 27/27 MP: 3/3
  1164 | D:2      | Reached skill level 4 in Staves
  1710 | D:2      | Noticed Terence
  1721 | D:2      | Killed Terence
  1722 | D:2      | Reached XP level 4. HP: 30/33 MP: 4/4
  1890 | D:3      | Killed from afar by an orc priest

Skill      XL: |  1  2  3 |
---------------+----------+-----
Staves         | 3 4 |  4.7
Fighting       | |  2.0
Throwing       | |  1.7
Dodging        | |  2.6

Action                     |  1- 3 |  4- 6 || total
---------------------------+-------+-------++-------
  Melee: Quarterstaff      |    99 |    11 ||   110
    Use: Scroll            |     2 |     3 ||     5
 Armour: Leather armour    |    12 |       ||    12
         Scale mail        |    32 |     3 ||    35
  Dodge: Dodged            |    60 |     4 ||    64

Levels and vault maps discovered:
D:1:      co_arrival_square_in_a_square_in_a_square, layout_loops_corners
D:2:      layout_basic, minmay_heptomino_o4, uniq_terence
D:3:      layout_rooms, nicolae_yredelemnul_corpse_copse, lemuel_doored_altar,
          nicolae_qazlal_scattered_showers, minmay_pentomino_pile
